cohdb
Replays
Latest Replays
All Replays
Popular Replays
Top Player Replays
Match Explorer
How It Works
Community
CoH3 Stats
Reddit
Sign in to upload your games and track your stats! →
Sign in with Steam
Match 46868553
Unlisted
Match 46868553
Overview
Messages
Build Orders
End
Engineer Squad
Construct Weapon Support Center
Selects Armored Battlegroup
Selects Veteran Crews
M1919 Machine Gun Team
M1919 Machine Gun Team
M1919 Machine Gun Team
Air Support Center
Selects Fast Deploy
M3 Armored Personnel Carrier
Grasshopper Recon Run
Engineer Squad
M3 Armored Personnel Carrier
M3 Armored Personnel Carrier
Grasshopper Recon Run
HIBBLE
drChengele
Pepe87
ner
Reactive
Clavis
Konrad Curze
FLOKL
0
0
Comments
sign in to comment!
No comments posted yet!